 Dungeon Crawl Stone Soup version 0.31.0-9-g3a7656b989 (webtiles) character file.

Game seed: 7203798385679202722

154 qw the Skirmisher (level 5, -1/29 HPs)
             Began as a Deep Elf Hunter on Feb 2, 2024.
             Killed from afar by an orc wizard (7 damage)
             ... with a puff of flame
             ... on level 3 of the Dungeon.
             The game lasted 00:00:07 (1689 turns).

qw the Skirmisher (Deep Elf Hunter)                 Turns: 1689, Time: 00:00:07

Health: -1/29      AC:  6    Str: 13    XL:     5   Next: 13%
Magic:  7/7        EV: 11    Int: 14    God:
Gold:   91         SH:  0    Dex: 18    Spells: 4/4 levels left

rFire   . . .        a - +0 shortbow
rCold   . . .        (shield currently unavailable)
rNeg    . . .        i - +0 ring mail
rPois   .            (no helmet)
rElec   .            (no cloak)
rCorr   .            b - +0 pair of gloves {Str+3}
SInv    .            (no boots)
Will    .....        (no amulet) Stlth
                     (no ring)
HPRegen 0.24/turn    (no ring)
MPRegen 0.10/turn

%: no passive effects
@: confused
A: no striking features
a: no special abilities


You were on level 3 of the Dungeon.
You visited 1 branch of the dungeon, and saw 3 of its levels.

You collected 127 gold pieces.
You spent 36 gold pieces at shops.


   Skills:
 - Level 1.5 Fighting
 + Level 8.5 Ranged Weapons
 - Level 2.4 Dodging
 - Level 1.2 Stealth


You had 4 spell levels left.
You didn't know any spells.
Your spell library was empty.

Inventory:

Hand Weapons
 a - a +0 shortbow (weapon)
Armour
 b - a +0 pair of gloves of strength (worn)
 i - a +0 ring mail (worn)
Potions
 f - 2 potions of curing

Dungeon Overview and Level Annotations

Branches:
Dungeon (3/15)

Altars:
Vehumet

Shops:
D:1 ![*   D:2 [


Message History

The orc priest is severely wounded.
Something hits you but does no damage.
The orc priest hits you but does no damage.
You shoot an arrow. The arrow hits the orc priest!
You kill the orc priest!
You hear some strange, mumbled words.
A magic dart appears from out of thin air!
The magic dart hits you.
You have reached level 5!
You shoot an arrow. Something hits you.
You shoot an arrow. Something completely misses you.
You shoot an arrow.
You hear some strange, mumbled words.
You are confused.
You shoot an arrow. Something hits you.
You shoot an arrow.
You hear some strange, mumbled words.
You are more confused.
You shoot an arrow. Something hits you.
You shoot an arrow.
You hear some strange, mumbled words.
A puff of flame appears from out of thin air!
The puff of flame hits you.
You shoot an arrow. Something hits you. Something hits you but does no damage.
You shoot an arrow. Something barely misses you.
You shoot an arrow. Something hits you.
You shoot an arrow. Something hits you.
You shoot an arrow.
You hear some strange, mumbled words.
A puff of flame appears from out of thin air!
The puff of flame hits you!
You die...

..........## #.
###.#......# #.
......#.#### #:
##.......... #. .#
######.#### #. #.#
#....#.# #. #.#
#.##.#.####
#)##.####......)...
#{@.......##.#.####
##...........#.#
#.#.####.####.#
#.............#
###.####.####.# #.#
#.# ### #.# #.#
#.####.########
#..............


There were no monsters in sight!

Vanquished Creatures
  A bombardier beetle (D:3)
  An orc priest (D:3)
  A gnoll (D:1)
  An adder (D:2)
  A white imp (D:3)
  2 dart slugs (D:1)
  2 orcs (D:3)
  5 ball pythons
  5 endoplasms
  7 giant cockroaches
  6 goblins
  3 hobgoblins (D:1)
  4 jackals (D:2)
  4 quokkas
  4 bats
  4 frilled lizards
  4 rats
55 creatures vanquished.

Notes
Turn   | Place    | Note
-------+----------+-------------------------------------------
     0 | D:1      | qw the Deep Elf Hunter began the quest for the Orb.
     0 | D:1      | Reached XP level 1. HP: 12/12 MP: 3/3
     0 | D:1      | 0 ||| qw: Version: 0.3-a-155-g5e7d8dd
     0 | D:1      | 0 ||| qw: Game counter: 547
     0 | D:1      | 0 ||| qw: Melee chars always use a shield: true
     0 | D:1      | 0 ||| qw: God list: Okawaru
     0 | D:1      | 0 ||| qw: Allow faded altars: false
     0 | D:1      | 0 ||| qw: Do Orc after clearing Dungeon:15 true
     0 | D:1      | 0 ||| qw: Do second Lair branch before Depths: true
     0 | D:1      | 0 ||| qw: Lair rune preference: random
     0 | D:1      | 0 ||| qw: Goals: Normal
     0 | D:1      | 0 ||| PLANNING D:1-11
   117 | D:1      | Reached XP level 2. HP: 16/16 MP: 4/4
   118 | D:1      | Reached skill level 6 in Ranged Weapons
   195 | D:1      | Found Beth's Distillery.
   219 | D:1      | 219 ||| BUYING potion of curing (36 gold).
   219 | D:1      | Bought a potion of curing for 36 gold pieces
   219 | D:1      | 219 ||| SHOPLISTING potion of enlightenment (60 gold, have
                  | 23).
   219 | D:1      | 219 ||| SHOPLISTING potion of heal wounds (60 gold, have
                  | 23).
   219 | D:1      | 219 ||| SHOPLISTING potion of might (48 gold, have 23).
   262 | D:1      | Found Akearoef's Armour Shop.
   270 | D:1      | 270 ||| SHOPLISTING +0 ring mail (40 gold, have 23).
   270 | D:1      | 270 ||| SHOPLISTING +3 leather armour "Qaibo" {rN+++
                  | Will+++ Str-4 Dex-2} (604 gold, have 23).
   270 | D:1      | 270 ||| SHOPLISTING scarf of resistance (320 gold, have
                  | 23).
   338 | D:1      | Found Ipnuz's Assorted Antiques.
   341 | D:1      | 341 ||| SHOPLISTING shiny ivory ring (110 gold, have 23).
   352 | D:1      | Found a faded altar of an unknown god.
   402 | D:1      | Reached XP level 3. HP: 20/20 MP: 5/5
   718 | D:1      | 718 ||| UPGRADING to +0 ring mail.
   728 | D:1      | 728 ||| DROPPING +0 leather armour.
   729 | D:1      | 729 ||| DROPPING amulet of magic regeneration.
   730 | D:1      | 730 ||| READING scroll labelled UHAIFFAATO.
   731 | D:1      | 731 ||| READING scroll labelled QAIPLY RANYNUQOR.
   735 | D:1      | 735 ||| READING 3 scrolls labelled BIPTORA OHESA.
   736 | D:1      | 736 ||| DROPPING scroll of butterflies.
   737 | D:1      | 737 ||| DROPPING 2 scrolls of noise.
   793 | D:2      | Reached skill level 7 in Ranged Weapons
   897 | D:2      | 897 ||| FLEEEEING.
   898 | D:2      | 898 ||| FLEEEEING.
   899 | D:2      | 899 ||| FLEEEEING.
   900 | D:2      | 900 ||| FLEEEEING.
   901 | D:2      | 901 ||| FLEEEEING.
   966 | D:2      | Found a radiant altar of Vehumet.
  1194 | D:2      | Found Jir Yrr's Antique Armour Boutique.
  1200 | D:2      | 1200 ||| SHOPLISTING cloak (112 gold, have 70).
  1200 | D:2      | 1200 ||| SHOPLISTING transparent ring mail (225 gold, have
                  | 70).
  1337 | D:2      | 1337 ||| READING scroll labelled LAAFOY LEDOWNO.
  1376 | D:2      | 1376 ||| READING 3 scrolls labelled JUGUF MEORE.
  1376 | D:2      | 1376 ||| IDENTIFYING purple potion
  1377 | D:2      | 1377 ||| READING 2 scrolls of identify.
  1377 | D:2      | 1377 ||| IDENTIFYING fuming puce potion
  1378 | D:2      | 1378 ||| READING scroll of identify.
  1378 | D:2      | 1378 ||| IDENTIFYING 2 orange potions
  1379 | D:2      | 1379 ||| READING scroll labelled YCOHOCVOLI.
  1379 | D:2      | Identified a scroll of acquirement
  1379 | D:2      | 1379 ||| ACQUIRING +0 pair of gloves of strength
  1379 | D:2      | Acquired a +0 pair of gloves of strength
  1381 | D:2      | 1381 ||| UPGRADING to +0 pair of gloves of strength.
  1386 | D:2      | 1386 ||| READING scroll labelled YQECLO EHEESH.
  1387 | D:2      | 1387 ||| DROPPING potion of invisibility.
  1388 | D:2      | 1388 ||| DROPPING 2 potions of degeneration.
  1431 | D:3      | 1431 ||| STAIRDANCE
  1442 | D:2      | Reached XP level 4. HP: 25/25 MP: 6/6
  1444 | D:3      | 1444 ||| STAIRDANCE
  1459 | D:3      | 1459 ||| STAIRDANCE
  1574 | D:3      | Reached skill level 8 in Ranged Weapons
  1669 | D:3      | HP: 5/25 [orc/+0 whip (2)]
  1670 | D:3      | 1670 ||| DRINKING potion of heal wounds.
  1678 | D:3      | Reached XP level 5. HP: 19/29 MP: 7/7
  1687 | D:3      | HP: 7/29 [something (2)]
  1689 | D:3      | Killed from afar by an orc wizard

Levels and vault maps discovered:
D:1:      wander_arrival_fairy_ring, layout_loops_ring, serial_shops,
          nicolae_shop_waterfront, nicolae_shop_peninsula,
          nicolae_shop_tiny_real_fake_doors,
          shapermc_ecumenical_altar_totnotflames
D:2:      layout_basic, basic_altar, serial_shops, nicolae_shop_statue_plus
D:3:      layout_basic, gammafunk_temple_overflow_pools, minmay_joined_circles

Skill      XL: |  1  2  3  4 |
---------------+-------------+-----
Ranged Weapons | 6 7 8 |  8.5
Fighting       | |  1.5
Dodging        | |  2.4
Stealth        | |  1.2

Action                     |  1- 3 |  4- 6 || total
---------------------------+-------+-------++-------
   Fire: Shortbow          |   116 |    78 ||   194
    Use: Scroll            |     9 |       ||     9
         Potion            |       |     1 ||     1
 Armour: Leather armour    |    10 |       ||    10
         Ring mail         |    19 |    56 ||    75
  Dodge: Dodged            |    34 |    36 ||    70

Table legend:
 A = Non-vault XP
 B = Vault XP
 C = Vault XP percentage of total XP
 D = Non-vault monster count
 E = Vault monster count
 F = Vault count percentage of total count
                 A         B        C        D         E       F
            +---------+---------+-------+---------+---------+-------
      Total |     220 |       0 |   0.0 |      55 |       0 |   0.0
            +---------+---------+-------+---------+---------+-------
        D:1 |      50 |       0 |   0.0 |      19 |       0 |   0.0
        D:2 |      55 |       0 |   0.0 |      26 |       0 |   0.0
        D:3 |     115 |       0 |   0.0 |      10 |       0 |   0.0
            +---------+---------+-------+---------+---------+-------
